 Dungeon Crawl Stone Soup version 0.29.0-13-gc9e81de378 (webtiles) character file.

Game seed: 6549065890178271363

1644 bande the Cleaver (level 8, -2/70 HPs)
             Began as a Hill Orc Fighter on Sept 6, 2022.
             Was an Initiate of Beogh.
             Slain by a killer bee (7 damage)
             ... on level 6 of the Dungeon on Sept 8, 2022.
             The game lasted 00:12:18 (8107 turns).

bande the Cleaver (Hill Orc Fighter)                Turns: 8107, Time: 00:12:19

Health: -2/70      AC: 15    Str: 25    XL:     8   Next: 99%
Magic:  9/9        EV:  6    Int:  8    God:    Beogh [......]
Gold:   444        SH:  9    Dex: 12    Spells: 7/7 levels left

rFire   . . .      SeeInvis .   a - +0 war axe
rCold   . . .      Faith    .   b - +0 kite shield
rNeg    . . .      Spirit   .   h - +0 chain mail
rPois   .          Reflect  .   s - +1 helmet
rElec   .          Harm     .   (no cloak)
rCorr   .          Rampage  .   j - +0 pair of gloves
Will    .....                   g - +0 pair of boots
Stlth   ..........              (no amulet)
HPRegen 0.21/turn               n - +6 ring of strength
MPRegen 0.11/turn               (no ring)

@: lethally poisoned (-2 -> -12)
A: no striking features
a: Renounce Religion


You were on level 6 of the Dungeon.
You worshipped Beogh.
Beogh was noncommittal.
You visited 1 branch of the dungeon, and saw 7 of its levels.

You collected 444 gold pieces.

Inventory:

Hand Weapons
 a - a +0 war axe (weapon)
 l - a +1 flail of protection
Armour
 b - a +0 kite shield (worn)
 g - a +0 pair of boots (worn)
 h - a +0 chain mail (worn)
 j - a +0 pair of gloves (worn)
 s - a +1 helmet (worn)
Jewellery
 n - a +6 ring of strength (left hand)
Wands
 c - a wand of paralysis (1)
Scrolls
 e - a scroll of summoning
 m - 2 scrolls of teleportation
 q - a scroll of fear
 r - a scroll of enchant armour
Potions
 d - 3 potions of flight
 f - 2 potions of invisibility
 i - a potion of curing
 k - a potion of mutation {unknown}
 o - 2 potions of cancellation
 p - a potion of attraction {unknown}
 t - a potion of heal wounds
 u - a potion of might


   Skills:
 + Level 6.3 Fighting
 + Level 9.5 Axes
 + Level 6.8 Armour
 + Level 5.0 Shields
 * Level 2.0 Invocations
 * Level 2.5 Evocations


You had 7 spell levels left.
You didn't know any spells.
Your spell library contained the following spells:

 Spells                   Type           Power      Damage    Failure   Level
 Beastly Appendage        Tmut           0%         N/A       100%        1
 Foxfire                  Conj/Fire      0%         2x1d4     100%        1
 Wereblood                Tmut           0%         N/A       100%        2
 Conjure Flame            Conj/Fire      0%         6-21      100%        3
 Inner Flame              Hex/Fire       0%         N/A       100%        3
 Spider Form              Tmut/Pois      0%         N/A       100%        3
 Flame Wave               Conj/Fire      0%         2d4       100%        4


Dungeon Overview and Level Annotations

Branches:
Dungeon (7/15)             Temple (0/1) D:6

Altars:
Ashenzari
Fedhas
Kikubaaqudgha
Makhleb
Okawaru
Trog
Vehumet
Wu Jian
The Shining One

Shops:
D:2 ?


Message History

The killer bee stings you but does no damage.
The killer bee stings you!
* * * LOW HITPOINT WARNING * * *
You are lethally poisoned!
The killer bee poisons you!
The killer bee stings you but does no damage.
You block the killer bee's attack. x2
The killer bee stings you but does no damage.
You feel much better.
You feel very sick.
The killer bee stings you but does no damage.
You block the killer bee's attack. The killer bee stings you.
* * * LOW HITPOINT WARNING * * *
You are lethally poisoned!
The killer bee poisons you!
The killer bee stings you but does no damage.
The killer bee stings you.
* * * LOW HITPOINT WARNING * * *
You block the killer bee's attack.
You slash the killer bee!
You kill the killer bee!
Beogh accepts your kill.
You miss the killer bee. You slash the killer bee!
* * * LOW HITPOINT WARNING * * *
You feel very sick. The killer bee barely misses you.
You block the killer bee's attack.
The killer bee stings you but does no damage.
You block the killer bee's attack.
The killer bee stings you but does no damage.
The killer bee stings you.
* * * LOW HITPOINT WARNING * * *
Your Invocations skill increases to level 2!
You barely miss the killer bee.
The killer bee is severely wounded.
You closely miss the killer bee.
* * * LOW HITPOINT WARNING * * *
You feel very sick. The killer bee barely misses you.
You block the killer bee's attack. The killer bee stings you!
You die...

####### #.....#
#################.###.#
..<.............@y....#
...#####..<..####y#####
...# #.....# #.# ...#
#.....# #.# ...# #.....#
#.# ...# ###.....####.#
######..........).######
# ##..###'#...........#
####..####.#......####.#


You could see 2 killer bees.

Vanquished Creatures
  Sigmund (D:3)
  A steam dragon (D:7)
  A black bear (D:4)
  An ogre (D:6)
  A phantom (D:6)
  A bullfrog (D:5)
  A gnoll sergeant (D:5)
  A scorpion (D:4)
  2 killer bees (D:6)
  5 hounds
  An orc priest (D:7)
  A jelly (D:5)
  Ijyb (D:5)
  7 iguanas
  3 orc wizards
  Robin (D:3)
  6 adders
  9 gnolls
  3 white imps
  2 ufetubi
  A worm (D:2)
  2 dart slugs
  8 orcs
  9 endoplasms
  4 giant cockroaches
  12 goblins
  11 hobgoblins
  6 jackals
  6 kobolds
  5 quokkas
  2 ball pythons
  7 bats
  A frilled lizard (D:2)
  2 kobold zombies (D:7)
  2 orc zombies (D:7)
  8 rats
135 creatures vanquished.

Vanquished Creatures (others)
  A sky beast (D:6)
  An orc (D:6)
2 creatures vanquished.

Grand Total: 137 creatures vanquished

Notes
Turn   | Place    | Note
-------+----------+-------------------------------------------
     0 | D:1      | bande the Hill Orc Fighter began the quest for the Orb.
     0 | D:1      | Reached XP level 1. HP: 19/19 MP: 1/1
    69 | D:1      | Found a faded altar of an unknown god.
   158 | D:1      | Reached XP level 2. HP: 27/27 MP: 2/2
   627 | D:1      | Reached XP level 3. HP: 33/33 MP: 3/3
   646 | D:1      | Reached skill level 3 in Axes
   943 | D:2      | Found Utir Paw's Magic Scroll Emporium.
  1824 | D:2      | Reached XP level 4. HP: 41/41 MP: 4/4
  1894 | D:2      | Reached skill level 4 in Axes
  2086 | D:3      | You fall into a shaft and drop 1 floor!
  2209 | D:4      | Noticed a scorpion
  2229 | D:4      | Killed a scorpion
  2230 | D:4      | Reached XP level 5. HP: 15/47 MP: 5/5
  2767 | D:3      | Noticed Sigmund
  2770 | D:3      | Noticed Robin
  2779 | D:3      | Reached skill level 5 in Axes
  2782 | D:3      | Killed Sigmund
  2783 | D:3      | Reached skill level 5 in Fighting
  2783 | D:3      | Reached skill level 6 in Axes
  2783 | D:3      | Reached XP level 6. HP: 26/56 MP: 6/6
  2783 | D:3      | Killed Robin
  2973 | D:3      | Found a radiant altar of Vehumet.
  2979 | D:3      | Found an ancient bone altar of Kikubaaqudgha.
  2992 | D:3      | Found a glowing golden altar of the Shining One.
  3466 | D:4      | Noticed a black bear
  3486 | D:4      | Killed a black bear
  3487 | D:4      | Reached skill level 5 in Armour
  3487 | D:4      | Reached XP level 7. HP: 36/61 MP: 7/7
  3828 | D:4      | Reached skill level 7 in Axes
  4162 | D:4      | Upgraded the game from 0.29.0-11-gd7f09526c8 to
                  | 0.29.0-13-gc9e81de378
  4197 | D:4      | Found an iron altar of Okawaru.
  4622 | D:5      | Entered Level 5 of the Dungeon
  4723 | D:5      | Noticed Ijyb
  4724 | D:5      | Paralysed by Ijyb for 3 turns
  4728 | D:5      | Paralysed by Ijyb for 3 turns
  4738 | D:5      | Paralysed by Ijyb for 4 turns
  4742 | D:5      | Killed Ijyb
  5125 | D:5      | Reached skill level 8 in Axes
  5582 | D:5      | Reached XP level 8. HP: 62/70 MP: 8/8
  5986 | D:5      | Found an ornate altar of the Wu Jian Council.
  6295 | D:6      | Reached skill level 1 in Evocations
  6296 | D:6      | Became a worshipper of Beogh the Brigand
  6832 | D:6      | Reached skill level 9 in Axes
  6970 | D:6      | Found a bloodstained altar of Trog.
  6973 | D:6      | Found a blossoming altar of Fedhas.
  6976 | D:6      | Found a burning altar of Makhleb.
  6979 | D:6      | Found a broken altar of Ashenzari.
  7057 | D:6      | Found a staircase to the Ecumenical Temple.
  7467 | D:7      | Reached skill level 1 in Invocations
  8068 | D:6      | Reached skill level 5 in Shields
  8107 | D:6      | Slain by a killer bee

Illustrated notes

Levels and vault maps discovered:
D:1:      dpeg_arrival_pits, layout_basic, ebering_ecumenical_altar_abandoned,
          st_stairs_11, item_on_display_a
D:2:      layout_loops_ring, serial_shops, shop, grunt_ministairs_4
D:3:      layout_basic, mainiacjoe_overflow_six_doors_small,
          grunt_temple_overflow_open, uniq_sigmund, uniq_robin
D:4:      layout_cave_pools, mainiacjoe_overflow_small_starburst,
          grunt_ministairs_14, minmay_misc_feat_encased,
          kennysheep_generic_room_15
D:5:      cheibrodos_quashed, layout_gridville, lemuel_tele_altar,
          nrook_pool_corridor, dk_noncrumbling_4, due_unseen_surprise, uniq_ijyb
D:6:      layout_basic, grunt_temple_overflow_cloverleaf, temple_doors_e,
          kennysheep_boxes
D:7:      layout_gridville, minmay_mini_ossuary

Skill      XL: |  1  2  3  4  5  6  7  8 |
---------------+-------------------------+-----
Fighting       | 4 5 6 |  6.3
Axes           | 3 4 6 8 9 |  9.5
Armour         | 4 5 6 |  6.8
Shields        | 4 5 |  5.0
Evocations     | 2 |  2.5
Invocations    | 2 |  2.0

Action                   |  1- 3 |  4- 6 |  7- 9 || total
-------------------------+-------+-------+-------++-------
Melee: War axe           |   106 |    91 |   246 ||   443
Invok: Convert to Beogh  |       |       |     1 ||     1
  Use: Potion            |       |     1 |     1 ||     2
       Scroll            |       |       |    14 ||    14
 Stab: Distracted        |       |       |     1 ||     1
Armor: Scale mail        |    14 |       |       ||    14
       Chain mail        |    52 |    90 |   194 ||   336
Dodge: Dodged            |    41 |    48 |    78 ||   167
Block: Buckler           |    24 |    30 |    17 ||    71
       Kite shield       |       |       |   112 ||   112
